 Dungeon Crawl Stone Soup version 0.19-a0-1682-g5114f93 (webtiles) character file.

354 aronpayne the Ruffian (level 6, -1/62 HPs)
             Began as a Troll Monk on Sept 24, 2016.
             Slain by an ogre
             ... wielding a cursed +0 giant club
              (19 damage)
             ... on level 4 of the Dungeon.
             The game lasted 00:06:54 (2544 turns).

aronpayne the Ruffian (Troll Monk)                  Turns: 2544, Time: 00:06:54

Health: -1/62      AC:  6    Str: 22    XL:     6   Next: 35%
Magic:  5/5        EV: 11    Int:  6    God:
Gold:   152        SH:  0    Dex: 12    Spells: 0 memorised, 5 levels left

rFire  . . .     SeeInvis .       - Unarmed
rCold  . . .     Gourm    +     a - +0 robe
rNeg   . . .     Faith    .     (no shield)
rPois  .         Spirit   .     (helmet restricted)
rElec  .         Dismiss  .     (no cloak)
rCorr  .         Reflect  .     (gloves unavailable)
MR     .....     Harm     .     (boots unavailable)
Stlth  +.........               k - amulet of inaccuracy (curse)
                                (no ring)
                                (no ring)

@: no status effects
A: unfitting armour, claws 3, fast metabolism 3, gourmand, regeneration 1,
shaggy fur 1, tough skin 2
a: no special abilities


You were on level 4 of the Dungeon.
You were completely stuffed.

You visited 1 branch of the dungeon, and saw 4 of its levels.

You collected 152 gold pieces.

Inventory:

Armour
 a - a +0 robe (worn)
Jewellery
 k - a cursed amulet of inaccuracy (around neck)
 r - a cursed ring of flight {unknown}
Scrolls
 d - 3 scrolls of teleportation
 e - a scroll of magic mapping
 j - a scroll of fear {unknown}
 m - a scroll of blinking {unknown}
 p - a scroll of identify
 q - a scroll of random uselessness {unknown}
 s - a scroll of enchant weapon {unknown}
 t - a scroll of remove curse {unknown}
Potions
 c - 2 potions of heal wounds
 f - 2 potions of mutation {unknown}
 g - a potion of degeneration {unknown}
 i - a potion of resistance {unknown}
 n - a potion of cancellation {unknown}
 o - a potion of curing {unknown}
Comestibles
 b - 2 bread rations
 h - a slice of pizza
 l - 12 chunks of flesh


   Skills:
 * Level 4.2 Fighting
 + Level 3.7 Dodging
 - Level 1.1 Stealth
 * Level 4.7 Unarmed Combat


You had 5 spell levels left.
You didn't know any spells.

Dungeon Overview and Level Annotations

Branches:
Dungeon (4/15)
 Temple: D:4-7

Altars:


Innate Abilities, Weirdness & Mutations

You are too large for most types of armour.
You have claws for hands.
Your metabolism is lightning-fast.
You like to eat raw meat.
Your natural rate of healing is unusually fast.
You are covered in fur. (AC +1)
You have very tough skin. (AC +2)


Message History

There is an open door here.
The ogre shouts! x2
You claw the ogre!
The ogre is heavily wounded.
You scratch the ogre but do no damage.
The ogre is heavily wounded.
The ogre misses you. The ogre hits you with a giant club!
You claw the ogre!
The ogre is almost dead.
The ogre barely misses you. The ogre hits you with a giant club!
You claw the ogre!
You kill the ogre!
You scratch the ogre.
The ogre is lightly wounded.
The ogre hits you with a giant club!!
* * * LOW HITPOINT WARNING * * *
You claw the ogre!
The ogre is heavily wounded.
The ogre hits you with a giant club!!
You die...

######..# ....#
#.##(.# ###### # ...#
#....# ##### #....#
##########
#....#######.........
#..O)#.......#######.
#...@#.......# #.
+....'.......# #.
#....#......## #.
#....#......# #.
#....######## #.
###### #. #. #. #.


You could see an ogre.

Vanquished Creatures
  An ogre (D:4)
  An orc priest (D:3)
  4 orc wizards
  A worker ant (D:4)
  4 adders
  2 oozes
  2 worms (D:2)
  2 dart slugs
  2 leopard geckos
  6 orcs
  A ball python (D:1)
  9 hobgoblins
  8 jackals
  A quokka (D:3)
  4 bats
  4 frilled lizards
  3 goblins
  4 kobolds
  2 rats
61 creatures vanquished.

Notes
Turn   | Place    | Note
-------+----------+-------------------------------------------
     0 | D:1      | aronpayne the Troll Monk began the quest for the Orb.
     0 | D:1      | Reached XP level 1. HP: 22/22 MP: 0/0
   243 | D:1      | Reached XP level 2. HP: 29/29 MP: 1/1
   859 | D:2      | Reached XP level 3. HP: 16/36 MP: 2/2
  1627 | D:3      | Reached XP level 4. HP: 25/45 MP: 3/3
  1668 | D:3      | Reached XP level 5. HP: 15/53 MP: 4/4
  2395 | D:4      | Found Gofo's Jewellery Shop.
  2443 | D:4      | Reached XP level 6. HP: 42/62 MP: 5/5
  2544 | D:4      | Slain by an ogre

Vault maps used:
D:1:      nicolae_arrival_washed_ashore, moated_statue
D:2:      feat_on_display
D:3:      hex_tiny
D:4:      serial_shops, shop, serial_bayou_pond_d

Skill      XL: |  1  2  3  4  5 |
---------------+----------------+-----
Fighting       | 3 4 |  4.2
Dodging        | 3 |  3.7
Unarmed Combat | 4 |  4.7
Stealth        | |  1.1

Action                   |  1- 3 |  4- 6 || total
-------------------------+-------+-------++-------
Melee: Unarmed           |   112 |   102 ||   214
       Punch             |     1 |       ||     1
  Use: Scroll            |     5 |       ||     5
       Potion            |       |     2 ||     2
 Stab: Sleeping          |     2 |       ||     2
  Eat: Chunk             |    20 |     9 ||    29
Armor: Robe              |    40 |    26 ||    66
Dodge: Dodged            |    53 |    45 ||    98
